 Dungeon Crawl Stone Soup version 0.28.0-53-g5a82cb258f (webtiles) character file.

Game seed: 14746194024018108236

378 Peloso the Covered (level 6, -3/53 HPs)
             Began as a Minotaur Fighter on May 21, 2022.
             Killed from afar by Ijyb (30 damage)
             ... with a bolt of acid
             ... on level 3 of the Dungeon.
             The game lasted 00:03:36 (2632 turns).

Peloso the Covered (Minotaur Fighter)               Turns: 2632, Time: 00:03:43

Health: -3/53      AC:  6    Str: 20    XL:     6   Next: 45%
Magic:  5/5        EV: 14    Int:  5    God:
Gold:   90         SH:  6    Dex: 12    Spells: 5/5 levels left

rFire   . . .      SeeInvis .   a - +0 long sword
rCold   . . .      Faith    .   c - +1 buckler
rNeg    . . .      Spirit   .   b - +0 scale mail
rPois   .          Reflect  .   (helmet restricted)
rElec   .          Harm     .   (no cloak)
rCorr   .          Rampage  .   e - +2 pair of gloves
Will    .....                   (no boots)
Stlth   ..........              (no amulet)
HPRegen 0.17/turn               f - +4 ring of evasion
MPRegen 0.09/turn               (no ring)

@: corroded
A: horns 2, retaliatory headbutt
a: no special abilities


You were on level 3 of the Dungeon.
You visited 1 branch of the dungeon, and saw 3 of its levels.

You collected 90 gold pieces.

Inventory:

Hand Weapons
 a - a +0 long sword (weapon)
Armour
 b - a +0 scale mail (worn)
 c - a +1 buckler (worn)
 e - a +2 pair of gloves (worn)
Jewellery
 f - a +4 ring of evasion (left hand)
Scrolls
 g - a scroll of holy word {unknown}
Potions
 d - a potion of might
 h - 2 potions of haste {unknown}
 i - a potion of curing
 j - a potion of invisibility {unknown}
 l - a potion of attraction {unknown}
 o - a potion of cancellation {unknown}


   Skills:
 + Level 4.6 Fighting
 + Level 5.0 Long Blades
 + Level 5.6 Armour
 + Level 1.8 Dodging
 + Level 0.2 Stealth
 + Level 4.8 Shields


You had 5 spell levels left.
You didn't know any spells.
Your spell library contained the following spells:

 Spells                   Type           Power      Damage    Failure   Level
 Summon Small Mammal      Summ           0%         N/A       88%         1
 Call Canine Familiar     Summ           0%         N/A       99%         3
 Summon Guardian Golem    Hex/Summ       0%         N/A       99%         3


Dungeon Overview and Level Annotations

Branches:
Dungeon (3/15)

Altars:

Shops:
D:2 *

Annotations:
D:3 Ijyb, Robin


Innate Abilities, Weirdness & Mutations

You have a pair of horns on your head.
You reflexively headbutt those who attack you in melee.


Message History

A kobold comes into view. It is wielding a +0 whip.
The kobold shouts!
A kobold is nearby!
A kobold is nearby!
A kobold is nearby!
A ball python comes into view.
The ball python hisses angrily.
You block the kobold's attack.
You slash the kobold!
You kill the kobold!
You barely miss the ball python. You block the ball python's attack.
The ball python closely misses you. The ball python misses you.
The ball python completely misses you.
You slash the ball python!
You kill the ball python!
Things that are here:
a +0 whip; a ball python corpse A goblin comes into view.
It is wielding a +0 club.
A goblin is nearby!
Ijyb the Twisted Goblin comes into view.
She is wielding a +0 club, wearing a +3 leather armour of cold resistance and carrying a wand of acid (2).
Found 23 stones.
Ijyb shouts!
The goblin shouts!
You hear a shout! x4
Ijyb screams, "I cut your head off!"
A hobgoblin comes into view.
Found 13 gold pieces.
The hobgoblin shouts!
You hear a shout! x2
A goblin comes into view. It is wielding a +0 dagger.
You hear a shout!
The goblin shouts!
You slash the goblin!
You kill the goblin!
Ijyb misses you.
You miss Ijyb.
Ijyb zaps a wand.
The bolt of acid hits you!! The acid corrodes you!
You barely miss Ijyb. Ijyb closely misses you.
A hobgoblin comes into view.
Robin of the Strong Arm comes into view.
They are wielding a +0 dagger and carrying a wand of polymorph (2).
Ijyb zaps a wand.
The bolt of acid hits you!!
Ouch! That really hurt!
You die...

## .#. g .. ###.
###.## ... g....
#.g#...# ### #..#...#
...
####..gg..###.#####
$......@............
###.####.#(#.#.#.#.#.
#...#.#.#.#.#.#.#.
#....#.#.#.#.#.#.#.#
#.#.#.#.#.#.#.#.#.#
.. #..#.#)#.#.#.#.#
###.#.#.#.#.#.#
##.#.#.#.#.# .#
#.#.#.#.#.# .#.


You could see Ijyb, Robin (wandering), 2 hobgoblins and a goblin.

Vanquished Creatures
  A black bear (D:2)
  An orc priest (D:3)
  Natasha (thrice) (D:2)
  An orc wizard (D:3)
  2 adders (D:2)
  6 gnolls
  3 worms
  2 dart slugs
  7 orcs (D:3)
  4 endoplasms
  4 giant cockroaches
  10 goblins
  5 hobgoblins
  3 kobolds
  A quokka (D:1)
  3 ball pythons
  6 bats
  3 frilled lizards
  5 rats
70 creatures vanquished.

Notes
Turn   | Place    | Note
-------+----------+-------------------------------------------
     0 | D:1      | Peloso the Minotaur Fighter began the quest for the Orb.
     0 | D:1      | Reached XP level 1. HP: 19/19 MP: 0/0
    40 | D:1      | Reached XP level 2. HP: 14/27 MP: 1/1
   210 | D:1      | Found a faded altar of an unknown god.
   618 | D:1      | Reached XP level 3. HP: 33/33 MP: 2/2
   960 | D:2      | Noticed Natasha
   966 | D:2      | Killed Natasha
   967 | D:2      | Reached skill level 1 in Dodging
   967 | D:2      | Reached XP level 4. HP: 32/40 MP: 3/3
  1043 | D:2      | Noticed Natasha
  1053 | D:2      | Killed Natasha
  1054 | D:2      | Reached skill level 5 in Armour
  1056 | D:2      | Noticed Natasha
  1066 | D:2      | Killed Natasha
  1070 | D:2      | Reached XP level 5. HP: 33/47 MP: 4/4
  1221 | D:2      | Noticed a black bear
  1227 | D:2      | Killed a black bear
  1755 | D:2      | Found Zutriw Fiapu's Assorted Antiques.
  2269 | D:3      | Reached XP level 6. HP: 52/53 MP: 5/5
  2573 | D:3      | Reached skill level 5 in Long Blades
  2627 | D:3      | Noticed Ijyb
  2632 | D:3      | Noticed Robin
  2632 | D:3      | Killed from afar by Ijyb

Illustrated notes

Levels and vault maps discovered:
D:1:      scummos_arrival_forest, layout_basic, ebering_ecumenical_altar_box
D:2:      layout_basic, serial_shops, nicolae_diamond_shop, uniq_natasha
D:3:      layout_basic, uniq_ijyb, uniq_crazy_yiuf_cottage, uniq_robin

Skill      XL: |  1  2  3  4  5  6 |
---------------+-------------------+-----
Armour         | 4 5 |  5.6
Fighting       | 4 |  4.6
Shields        | 4 |  4.8
Long Blades    | 3 4 5 |  5.0
Dodging        | 1 |  1.8
Stealth        | |  0.2

Action                   |  1- 3 |  4- 6 || total
-------------------------+-------+-------++-------
Melee: Long sword        |    54 |   104 ||   158
       Headbutt          |     6 |    15 ||    21
  Use: Scroll            |       |     4 ||     4
Armor: Scale mail        |    23 |    44 ||    67
Dodge: Dodged            |    40 |    56 ||    96
Block: Buckler           |    14 |    25 ||    39
